 Dungeon Crawl Stone Soup version 0.19.4-8-ga85b6b9 (webtiles) character file.

161 empire the Conjurer (level 5, -1/28 HPs)
             Began as a Deep Elf Conjurer on Feb 7, 2017.
             Slain by a hound (3 damage)
             ... on level 4 of the Dungeon on Feb 8, 2017.
             The game lasted 00:09:27 (2857 turns).

empire the Conjurer (Deep Elf Conjurer)             Turns: 2857, Time: 00:09:28

Health: -1/28      AC:  7    Str:  6    XL:     5   Next: 19%
Magic:  14/14      EV: 13    Int: 24    God:
Gold:   232        SH:  0    Dex: 15    Spells: 5 memorised, 1 level left

rFire  . . .     SeeInvis .     b - staff of poison
rCold  . . .     Gourm    .     X - +0 robe
rNeg   . . .     Faith    .     (no shield)
rPois  +         Spirit   .     W - +1 helmet
rElec  .         Reflect  .     Z - +2 cloak
rCorr  .         Harm     .     (no gloves)
MR     .....                    (no boots)
Stlth  ++........               (no amulet)
                                (no ring)
                                f - +4 ring of intelligence

@: sluggish, very slow
A: no striking features
a: no special abilities


You were on level 4 of the Dungeon.
You were hungry.

You visited 1 branch of the dungeon, and saw 4 of its levels.

You collected 232 gold pieces.

Inventory:

Hand Weapons
 a - a +0 dagger
Armour
 W - a +1 helmet (worn)
 X - a +0 robe (worn)
 Z - a +2 cloak (worn)
Magical Staves
 b - an uncursed staff of poison (weapon)
Jewellery
 f - a +4 ring of intelligence (left hand)
Wands
 g - a wand of polymorph (15/24)
Scrolls
 q - 2 scrolls of remove curse
Potions
 d - 2 potions of degeneration
 e - a potion of agility {unknown}
 i - a potion of invisibility {unknown}
 j - 2 potions of haste {unknown}
 k - a potion of beneficial mutation {unknown}
 l - 2 potions of magic
 m - 3 potions of curing
 n - a potion of brilliance
 o - 2 potions of might
 s - a potion of lignification {unknown}
Books
 p - a book of Conjurations

   Spells                             Type                      Level
   a - Magic Dart                     Conjuration                  1
   b - Searing Ray                    Conjuration                  2
   c - Dazzling Spray                 Conjuration/Hexes            3
   d - Fulminant Prism                Conjuration/Hexes            4
   e - Iskenderun's Mystic Blast      Conjuration                  4
   f - Iskenderun's Battlesphere      Conjuration/Charms           5
 r - a book of Air

   Spells                             Type                      Level
   a - Shock                          Conjuration/Air              1
   b - Swiftness                      Charms/Air                   2
   c - Repel Missiles                 Charms/Air                   2
   d - Static Discharge               Conjuration/Air              3
   e - Lightning Bolt                 Conjuration/Air              5
Comestibles
 c - 4 bread rations
 h - 2 meat rations


   Skills:
 - Level 2.4 Dodging
 - Level 2.4 Stealth
 + Level 4.7 Spellcasting
 + Level 6.1 Conjurations
 + Level 0.6 Hexes
 + Level 0.8 Charms
 + Level 0.8 Air Magic
 + Level 0.2 Evocations


You had one spell level left.
You knew the following spells:

 Your Spells              Type           Power        Failure   Level  Hunger
a - Magic Dart            Conj           ####         1%          1    None
b - Dazzling Spray        Conj/Hex       ###...       10%         3    ##.....
c - Swiftness             Chrm/Air       #.......     12%         2    None
d - Repel Missiles        Chrm/Air       #.....       12%         2    None
e - Iskenderun's Mystic   Conj           #####...     10%         4    ####...


Dungeon Overview and Level Annotations

Branches:
Dungeon (4/15)
 Temple: D:4-7

Altars:
Ru
Xom


Message History

The magic dart hits the ogre.
The ogre is moderately wounded.
You start to feel a little slower.
You feel sluggish.
A hound comes into view.
The hound barks!
Found a stone staircase leading down.
You start to feel a little faster.
The hound bites you but does no damage. The hound bites you.
* * * LOW HITPOINT WARNING * * *
Okay, then.
A worm comes into view.
The hound bites you.
* * * LOW HITPOINT WARNING * * *
The hound barely misses you.
Casting: Magic Dart
Confirm with . or Enter, or press ? or * to list all spells.
This spell is already in effect.
The hound bites you.
You die...

.#################
.......@.........#
#
..w.....hO######.#
##### ..#######>#
#.# #.... #.#
###.###.### #.#
#.......O.. ..#
#.#.######' #.#
#.#.# ##... #.. #
#.###.... ...
#.##.....


You could see an ogre, a worm and a hound.

Vanquished Creatures
  A bullfrog skeleton (D:3)
  A worker ant (D:4)
  A hound skeleton (D:4)
  2 adders (D:3)
  2 worms
  2 dart slugs
  4 leopard geckos
  3 giant cockroaches (D:1)
  8 hobgoblins
  10 jackals
  3 bats
  A frilled lizard (D:1)
  8 goblins
  8 kobolds
  9 rats
63 creatures vanquished.

Notes
Turn   | Place    | Note
-------+----------+-------------------------------------------
     0 | D:1      | empire the Deep Elf Conjurer began the quest for the Orb.
     0 | D:1      | Reached XP level 1. HP: 10/10 MP: 6/6
    83 | D:1      | Reached XP level 2. HP: 15/15 MP: 1/8
   858 | D:1      | Reached skill level 5 in Conjurations
  1053 | D:2      | Reached XP level 3. HP: 19/19 MP: 5/10
  1191 | D:2      | Found a faded altar of an unknown god.
  1852 | D:3      | Found a sacrificial altar of Ru.
  2014 | D:3      | Reached XP level 4. HP: 24/24 MP: 2/12
  2120 | D:3      | Found a shimmering altar of Xom.
  2273 | D:3      | Reached skill level 6 in Conjurations
  2588 | D:4      | Learned a level 3 spell: Dazzling Spray
  2591 | D:4      | Learned a level 2 spell: Swiftness
  2594 | D:4      | Learned a level 2 spell: Repel Missiles
  2599 | D:4      | Learned a level 4 spell: Iskenderun's Mystic Blast
  2784 | D:4      | Reached XP level 5. HP: 28/28 MP: 10/14
  2825 | D:4      | Noticed an ogre
  2857 | D:4      | Slain by a hound

Skill      XL: |  1  2  3  4 |
---------------+-------------+-----
Conjurations   | 5 6 |  6.1
Spellcasting   | 4 |  4.7
Dodging        | |  2.4
Stealth        | |  2.4
Hexes          | |  0.6
Charms         | |  0.8
Air Magic      | |  0.8
Evocations     | |  0.2

Action                   |  1- 3 |  4- 6 || total
-------------------------+-------+-------++-------
Melee: Dagger            |    33 |     1 ||    34
       Staff             |       |     1 ||     1
 Cast: Magic Dart        |    93 |    37 ||   130
       Swiftness         |       |     1 ||     1
  Use: Scroll            |     7 |     4 ||    11
 Stab: Sleeping          |     1 |     1 ||     2
  Eat: Chunk             |     3 |     2 ||     5
Armor: Robe              |    17 |     3 ||    20
Dodge: Dodged            |    43 |    14 ||    57
